 Dungeon Crawl Stone Soup version 0.28.0-53-g5a82cb258f (webtiles) character file.

Game seed: 590250888704308446

21 buhh the Insei (level 2, -10/20 HPs)
             Began as an Octopode Transmuter on June 20, 2022.
             Mangled by a gnoll shaman
             ... wielding a +0 whip
              (11 damage)
             ... on level 3 of the Dungeon.
             The game lasted 00:04:43 (2068 turns).

buhh the Insei (Octopode Transmuter)                Turns: 2068, Time: 00:04:44

Health: -10/20     AC:  1    Str:  9    XL:     2   Next: 83%
Magic:  3/5        EV: 12    Int: 15    God:
Gold:   38         SH:  3    Dex: 12    Spells: 4/5 levels left

rFire   . . .      SeeInvis .     - Unarmed
rCold   . . .      Faith    .   j - +0 buckler
rNeg    . . .      Spirit   .   (helmet currently unavailable)
rPois   .          Reflect  .   (no amulet)
rElec   .          Harm     .   i - ring of willpower
rCorr   .          Rampage  .   (no ring)
Will    +....                   (no ring)
Stlth   +.........              (no ring)
HPRegen 0.06/turn               (no ring)
MPRegen 0.09/turn               (no ring)
                                (no ring)
                                (no ring)

@: lit by a corona, appendages (expiring), glowing
A: tentacle spike 3, almost no armour, amphibious, 8 rings, camouflage 1,
gelatinous body 1, (nimble swimmer 1), tentacles
a: End Transformation


You were on level 3 of the Dungeon.
One of your tentacles had grown a beastly spike.
You visited 1 branch of the dungeon, and saw 3 of its levels.

You collected 38 gold pieces.

Inventory:

Armour
 j - a +0 buckler (worn)
Jewellery
 i - a ring of willpower (left tentacle)
 m - an amulet of faith {!P}
Scrolls
 c - a scroll of silence {unknown}
 d - 2 scrolls of teleportation {unknown}
 e - 3 scrolls of identify {unknown}
 g - a scroll of immolation {unknown}
 h - a scroll of noise {unknown}
 n - a scroll of vulnerability {unknown}
Potions
 a - a potion of berserk rage {unknown}
 b - a potion of degeneration {unknown}
 f - a potion of resistance {unknown}
 k - a potion of lignification {unknown}
 l - a potion of curing {unknown}
 o - a potion of invisibility {unknown}


   Skills:
 + Level 2.5 Fighting
 - Level 2.0 Dodging
 - Level 1.0 Stealth
 - Level 3.0 Unarmed Combat
 - Level 2.0 Spellcasting
 - Level 2.0 Transmutations


You had 4 spell levels left.
You knew the following spells:

 Your Spells              Type           Power      Damage    Failure   Level
a - Beastly Appendage     Tmut           14%        N/A       13%         1

Your spell library contained the following spells:

 Spells                   Type           Power      Damage    Failure   Level
 Wereblood                Tmut           7%         N/A       21%         2
 Spider Form              Tmut/Pois      4%         N/A       52%         3
 Ice Form                 Ice/Tmut       4%         N/A       89%         4


Dungeon Overview and Level Annotations

Branches:
Dungeon (3/15)

Altars:


Innate Abilities, Weirdness & Mutations

One of your tentacles has grown a beastly spike.
You cannot wear most types of armour.
You are amphibious.
You can wear up to eight rings at the same time.
Your skin changes colour to match your surroundings (Stealth+).
Your rubbery body absorbs attacks. (AC +1, EV +1)
((You are camouflaged when in or above water. (Stealth+)))
You have tentacles for arms and can constrict up to eight enemies at once.


Message History

Press: ? - help, Q - select action Dir - look around, f - activate One of your tentacles grows a vicious spike.
You barely miss the gnoll shaman. You grab the gnoll shaman.
You squeeze the gnoll shaman, but do no damage.
You constrict the gnoll shaman, but do no damage.
The gnoll shaman hits you with a +0 whip!
You tentacle-slap the gnoll shaman.
You pierce the gnoll shaman.
The gnoll shaman is moderately wounded.
You constrict the gnoll shaman.
The gnoll shaman hits you with a +0 whip!
Ouch! That really hurt!
* * * LOW HITPOINT WARNING * * *
You tentacle-slap the gnoll shaman.
You pierce the gnoll shaman.
The gnoll shaman is heavily wounded.
You constrict the gnoll shaman.
The gnoll shaman invokes the aid of its god against you.
You are outlined in light.
Your magical contamination has completely faded away.
You tentacle-slap the gnoll shaman but do no damage.
You pierce the gnoll shaman, but do no damage.
You squeeze the gnoll shaman.
The gnoll shaman is heavily wounded.
You constrict the gnoll shaman, but do no damage.
The gnoll shaman hits you with a +0 whip.
* * * LOW HITPOINT WARNING * * *
You tentacle-slap the gnoll shaman but do no damage.
You pierce the gnoll shaman.
The gnoll shaman is severely wounded.
You constrict the gnoll shaman.
The gnoll shaman utters an invocation to its god.
The gnoll shaman is healed somewhat.
You tentacle-slap the gnoll shaman.
You pierce the gnoll shaman, but do no damage.
You squeeze the gnoll shaman, but do no damage.
The gnoll shaman is severely wounded.
Your transformation is almost over.
You constrict the gnoll shaman.
The gnoll shaman hits you with a +0 whip!
Ouch! That really hurt!
You die...

...#.#
#.#
....>#
#.#
...#.#
#.#
...#.#
#.#
...#.#
#.#
...#.#
#.#
..##.#
#.#
####.#
#.#
####.#
#@#
.....#
#g#
###..#
#g# ##
..#
#.# .#
..#
#.#
.##..#
#.#
..#..#
#.#
#.#..#
#.#
#....#
#.#


You could see a gnoll shaman and a gnoll.

Vanquished Creatures
  3 ball pythons
  2 bats (D:1)
  2 endoplasms
  A goblin (D:1)
  A hobgoblin (D:2)
  3 quokkas
  A frilled lizard (D:2)
  4 kobolds
  A rat (D:1)
18 creatures vanquished.

Vanquished Creatures (others)
  9 plants (D:3)
9 creatures vanquished.

Grand Total: 27 creatures vanquished

Notes
Turn   | Place    | Note
-------+----------+-------------------------------------------
     0 | D:1      | buhh the Octopode Transmuter began the quest for the Orb.
     0 | D:1      | Reached XP level 1. HP: 13/13 MP: 3/3
   241 | D:1      | Reached XP level 2. HP: 16/19 MP: 3/5
   399 | D:1      | You fall into a shaft and drop 1 floor!
  2066 | D:3      | HP: 1/20 [gnoll shaman/+0 whip (2)]
  2068 | D:3      | Mangled by a gnoll shaman

Illustrated notes

Levels and vault maps discovered:
D:1:      sevenhm_arrival_forest_fort_large_3, layout_rooms
D:2:      layout_loops_cross
D:3:      layout_basic, nicolae_grassy_gnolls

Skill      XL: |  1  2 |
---------------+-------+-----
Stealth        | 1 |  1.0
Fighting       | 2 |  2.5
Dodging        | |  2.0
Unarmed Combat | |  3.0
Spellcasting   | |  2.0
Transmutations | |  2.0

Action                   || total
-------------------------++-------
Melee: Unarmed           ||    44
       Kick              ||    11
       Constrict         ||    10
       Tentacles         ||    11
       Punch             ||     1
 Cast: Beastly Appendage ||    19
 Stab: Sleeping          ||     2
Armor: Skin              ||     1
Dodge: Dodged            ||    18
